 Dungeon Crawl Stone Soup version 0.31-a0-1338-gb567cfdca4 (webtiles) character file.

Game seed: 13712968913571551916

1907 Laraso the Basher (level 9, -4/84 HPs)
             Began as an Oni Cinder Acolyte on Dec 22, 2023.
             Was a High Priest of Ignis.
             Slain by a wraith (9 damage)
             ... on level 6 of the Dungeon.
             The game lasted 00:12:01 (6405 turns).

Laraso the Basher (Oni Cinder Acolyte)              Turns: 6405, Time: 00:12:01

Health: -4/84      AC:  4    Str: 20    XL:     9   Next: 16%
Magic:  0/13       EV:  9    Int: 19    God:    Ignis [*****.]
Gold:   243        SH:  0    Dex:  4    Spells: 4/14 levels left

rFire   + . .        a - +1 giant spiked club
rCold   . . .        (shield currently unavailable)
rNeg    + . .        b - +1 robe
rPois   .            (helmet restricted)
rElec   .            (no cloak)
rCorr   .            (gloves unavailable)
SInv    .            (boots unavailable)
Will    .....        t - amulet of regeneration
Stlth   +            n - +4 ring of slaying
HPRegen 1.14/turn    q - ring of positive energy
MPRegen 0.13/turn

%: no passive effects
@: slowed, very slow
A: drunken brawling, large, unfitting armour, horns 1, tough skin 1, double
potion healing
a: Renounce Religion, Fiery Armour, Foxfire Swarm, Rising Flame


You were on level 6 of the Dungeon.
You worshipped Ignis.
Ignis was extremely pleased with you.
You visited 1 branch of the dungeon, and saw 6 of its levels.
You also visited: Sewer.

You collected 243 gold pieces.

Inventory:

Hand Weapons
 a - a +1 giant spiked club (weapon)
Armour
 b - a +1 robe (worn)
 h - an orb of mayhem
Jewellery
 n - a +4 ring of slaying (left hand)
 q - a ring of positive energy (right hand)
 t - an amulet of regeneration (around neck)
 v - a ring of protection from cold
Talismans
 o - a granite talisman
Wands
 k - a wand of mindburst (9)
 r - a wand of flame (17)
Scrolls
 d - a scroll of immolation
 j - 2 scrolls of revelation
 l - 5 scrolls of teleportation
 s - a scroll of torment
 w - a scroll of noise
 x - 2 scrolls of vulnerability
Potions
 c - a potion of lignification
 e - a potion of magic {unknown}
 f - 4 potions of haste
 g - 7 potions of enlightenment
 i - a potion of berserk rage {unknown}
 m - 2 potions of attraction
 p - a potion of brilliance {unknown}
 u - a potion of curing
 z - 2 potions of cancellation


   Skills:
 - Level 4.0 Fighting
 * Level 9.6 Maces & Flails
 - Level 3.0 Spellcasting
 - Level 3.0 Conjurations
 + Level 3.4 Hexes
 - Level 3.0 Fire Magic
 - Level 3.0 Air Magic
 - Level 1.0 Evocations


You had 4 spell levels left.
You knew the following spells:

 Your Spells              Type           Power      Damage    Failure   Level
a - Shock                 Conj/Air       56%        1d6       4%          1
b - Blink                 Tloc           4%         N/A       22%         2
c - Scorch                Fire           28%        2d6       7%          2
d - Jinxbite              Hex            30%        N/A       5%          2
s - Swiftness             Air            14%        N/A       13%         3

Your spell library contained the following spells:

 Spells                   Type           Power      Damage    Failure   Level
 Magic Dart               Conj           56%        1d5       4%          1
 Ensorcelled Hibernation  Hex/Ice        18%        N/A       12%         2
 Freeze                   Ice            8%         1d3       16%         1
 Call Imp                 Summ           4%         N/A       22%         2
 Passwall                 Alch/Erth      1%         N/A       22%         2
 Hailstorm                Conj/Ice       8%         3d5       24%         3
 Frozen Ramparts          Ice            4%         1d1       41%         3
 Airstrike                Air            7%         2d(1-17)  41%         4
 Yara's Violent Unravell  Hex/Alch       4%         3d4       91%         5
 Enfeeble                 Hex            7%         N/A       100%        7


Dungeon Overview and Level Annotations

Branches:
Dungeon (6/15)             Temple (0/1) D:5           Sewer (visited)

Altars:
Makhleb
Uskayaw
Xom
Yredelemnul


Innate Abilities, Weirdness & Mutations

Whenever you drink a potion that restores your health or magic, you attack all enemies around you.
You are too large for most types of armour.
You have a pair of small horns on your head.
You have tough skin. (AC +1)
Whenever you drink a potion that restores your health or magic, it restores twice as much.


Message History

Casting: Blink (safe; 22% risk of failure)
Confirm with . or Enter, or press ? or * to list all spells.
You blink.
Casting: Blink (safe; 22% risk of failure)
Confirm with . or Enter, or press ? or * to list all spells.
Flames lash the wraith but do no damage.
Casting: Scorch (safe; 7% risk of failure)
Confirm with . or Enter, or press ? or * to list all spells.
Flames lash the wraith.
The wraith is severely damaged.
The wraith's fire resistance burns away.
The wraith hits you!
* * * LOW HITPOINT WARNING * * *
The wraith drains your vigour!
You feel as though you will be slow longer.
Your magical contamination has completely faded away.
Casting: Scorch (safe; 7% risk of failure)
Confirm with . or Enter, or press ? or * to list all spells.
Flames lash the wraith but do no damage.
The wraith hits you!
* * * LOW HITPOINT WARNING * * *
The wraith drains your vigour!
You feel as though you will be slow longer.
The wraith hits you but does no damage.
Casting: Scorch (safe; 7% risk of failure)
Confirm with . or Enter, or press ? or * to list all spells.
Flames lash the wraith but do no damage.
You feel ready to blink again.
The wraith is no longer more vulnerable to fire.
The wraith barely misses you.
Unknown command.
Casting: Scorch (safe; 7% risk of failure)
Confirm with . or Enter, or press ? or * to list all spells.
Flames lash the wraith.
The wraith is almost destroyed.
The wraith's fire resistance burns away.
The wraith hits you!
* * * LOW HITPOINT WARNING * * *
The wraith hits you!
You die...

#..#....#.....#.........
#..#....#.....##........
#..#...)########........
#..#...)'......#....##..
#..#...)#......#....####
#..'....#.....##........
#..#....##..............
#..#....#..########.###.
#..#..W@#..#⌠8⌠#.##.###.
#..#....#..#...'..#.##..
#..#....#..#...####.##..
#+##....#..#...'..#.###.
......#..#...#88#..##'
........#..##'#####...'.
........#.............#.
........#+#..#######.##.
...................#.##.


You could see a wraith (combustible).

Vanquished Creatures
  A human (D:6)
  Eustachio (D:6)
  3 black bears (D:6)
  4 ogres
  2 crocodiles (Sewer)
  A centaur (D:6)
  A phantom (D:4)
  A scorpion (D:6)
  A howler monkey (D:4)
  A crimson imp (D:6)
  A quasit (D:4)
  3 hounds
  A jelly (D:6)
  An orc wizard (D:6)
  An iguana (D:6)
  A sickly merfolk siren (Sewer)
  A malarious merfolk avatar (Sewer)
  10 adders
  3 river rats
  5 shadow imps (D:4)
  4 white imps
  A worm (D:4)
  A dart slug (D:1)
  24 orcs
  6 endoplasms
  10 giant cockroaches
  5 goblins
  6 hobgoblins
  3 jackals (D:1)
  17 ball pythons
  A bat (D:3)
  4 frilled lizards
  10 kobolds
  43 rats
178 creatures vanquished.

Notes
Turn   | Place    | Note
-------+----------+-------------------------------------------
     0 | D:1      | Laraso the Oni Cinder Acolyte began the quest for the Orb.
     0 | D:1      | Reached XP level 1. HP: 24/24 MP: 2/2
   171 | D:1      | Reached XP level 2. HP: 29/32 MP: 2/4
   245 | D:1      | Learned a level 1 spell: Shock
   810 | D:2      | Reached XP level 3. HP: 15/39 MP: 4/6
   906 | D:2      | Learned a level 2 spell: Scorch
   910 | D:2      | Learned a level 3 spell: Swiftness
  1458 | D:2      | Found a faded altar of an unknown god.
  1894 | D:3      | Reached XP level 4. HP: 48/48 MP: 2/7
  2031 | D:3      | Reached skill level 4 in Maces & Flails
  2601 | D:4      | Noticed a phantom
  2609 | D:4      | HP: 1/48 [phantom (7)]
  2613 | D:4      | Killed a phantom
  2614 | D:4      | Reached skill level 1 in Conjurations
  2614 | D:4      | Reached skill level 1 in Air Magic
  2614 | D:4      | Reached XP level 5. HP: 10/54 MP: 2/9
  2768 | D:3      | Learned a level 2 spell: Blink
  2841 | D:4      | Found a glowing drain.
  2862 | Sewer    | Entered a sewer
  2925 | Sewer    | Noticed a crocodile
  2934 | Sewer    | Killed a crocodile
  2935 | Sewer    | Reached skill level 5 in Maces & Flails
  2935 | Sewer    | Reached XP level 6. HP: 58/62 MP: 1/10
  3345 | Sewer    | Reached XP level 7. HP: 31/70 MP: 1/11
  3703 | D:4      | Reached skill level 1 in Evocations
  4127 | D:4      | Reached skill level 6 in Maces & Flails
  4727 | D:5      | Entered Level 5 of the Dungeon
  4756 | D:5      | Reached XP level 8. HP: 78/78 MP: 9/12
  4761 | D:5      | Reached skill level 7 in Maces & Flails
  4942 | D:5      | Found a staircase to the Ecumenical Temple.
  5202 | D:5      | Found a hide-covered altar of Uskayaw.
  5211 | D:5      | Learned a level 2 spell: Jinxbite
  5668 | D:6      | Reached skill level 8 in Maces & Flails
  5668 | D:6      | Reached skill level 1 in Hexes
  5817 | D:6      | Found a basalt altar of Yredelemnul.
  5847 | D:6      | Noticed Eustachio
  5857 | D:6      | Killed Eustachio
  6011 | D:6      | Reached skill level 9 in Maces & Flails
  6132 | D:6      | Reached XP level 9. HP: 78/84 MP: 10/13
  6159 | D:6      | Found a burning altar of Makhleb.
  6159 | D:6      | Found a shimmering altar of Xom.
  6405 | D:6      | Slain by a wraith

Illustrated notes

Levels and vault maps discovered:
D:1:      minmay_arrival_radiant_lines, layout_loops_ring
D:2:      layout_loops_ring, hellmonk_ecumenical_altar_inner_sanctum
D:3:      layout_basic, chequers_serial_rivers_micro_a, minmay_circle_x
D:4:      kennysheep_spiral_hall, layout_basic,
          mainiacjoe_sewer_entry_somewhere_in_here_2, serial_demonic,
          serial_demonic_a, serial_demonic_a, serial_demonic_e,
          serial_demonic_b, grunt_decor_mini_mirrors
D:5:      layout_loops_ring, nicolae_uskayaw_murder_on_the_dancefloor,
          minmay_temple_entry_ruins, kennysheep_generic_room_13
D:6:      dreamdust_elfheim, layout_gridville,
          grunt_temple_overflow_champion_of_chaos, kennysheep_mini_moat,
          minmay_ruffians, uniq_eustachio

Skill      XL: |  1  2  3  4  5  6  7  8 |
---------------+-------------------------+-----
Spellcasting   | 2 3 |  3.0
Fire Magic     | 3 |  3.0
Maces & Flails | 4 5 6 9 |  9.6
Conjurations   | 1 2 3 |  3.0
Air Magic      | 1 2 3 |  3.0
Evocations     | 1 |  1.0
Hexes          | 3 |  3.4
Fighting       | |  4.0

Action                     |  1- 3 |  4- 6 |  7- 9 || total
---------------------------+-------+-------+-------++-------
  Melee: Mace              |    87 |   117 |    70 ||   274
         Headbutt          |     3 |    14 |    27 ||    44
         Punch             |       |     2 |     1 ||     3
         Giant spiked club |       |       |    76 ||    76
   Cast: Shock             |    16 |       |       ||    16
         Scorch            |     7 |    28 |    34 ||    69
         Blink             |       |     1 |     1 ||     2
         Jinxbite          |       |       |     3 ||     3
  Evoke: Wand              |       |     5 |       ||     5
    Use: Scroll            |     8 |     1 |     4 ||    13
         Potion            |       |     2 |       ||     2
 Armour: Robe              |    67 |    74 |   158 ||   299
  Dodge: Dodged            |    54 |    51 |    99 ||   204

Table legend: (Time is in decaauts)
 A = Elapsed time spent in this place.
 B = Non-inter-level travel time spent in this place.
 C = Inter-level travel time spent in this place.
 D = Time resting spent in this place.
 E = Time spent auto-exploring this place.
 F = Levels seen in this place.
 G = Mean time per level.
                   A        B        C        D        E       F      G
               +--------+--------+--------+--------+--------+-----+--------+
         Total |   6483 |   6279 |    204 |    815 |   4260 |   7 |  926.1 |
       Dungeon |   5710 |   5506 |    204 |    573 |   4008 |   6 |  951.7 |
         Sewer |    773 |    773 |      0 |    242 |    252 |   1 |  773.0 |
               +--------+--------+--------+--------+--------+-----+--------+

Top non-repeatable levels by time:
     D:4: 1219 daAuts
     D:2: 1051 daAuts
     D:3: 917 daAuts
     D:5: 867 daAuts
     D:6: 845 daAuts
     D:1: 809 daAuts
   Sewer: 773 daAuts
